Map: [TLMC15] Berlingrad

Players

Solar - Winner!

  • Race: Zerg Zerg

Reynor

  • Race: Zerg Zerg

Event: DreamHack SC2 Masters Last Chance 2022

VOD

Have the link to the VOD?

Description

Time

  • Played on: Jan. 15, 2022, 8:34 a.m.
  • Length: 7:22

All games in this series

Show
View Real Time Build Order
Export as new Build Order

Solar Zerg - Winner!

Build Orders: Pool First 

Get SALT Encoding   

  12  0:16  Spawning Pool  
  11  0:22  Drone  
  11  0:26  Drone  
  13  0:30  Drone  
  14  0:39  Overlord  
  14  1:03  Zergling x4  
  16  1:05  Zergling x2  
  17  1:16  Zergling x2  
  17  1:17  Hatchery  
  17  1:27  Zergling x2  
  18  1:33  Queen  
  18  1:37  Zergling x2  
  21  1:48  Overlord  
  21  1:58  Drone  
  22  2:08  Queen  
  22  2:09  Drone  
  25  2:24  Drone  
  25  2:29  Queen  
  23  2:30  Drone  
  23  2:32  Drone  
  25  2:40  Zergling x2  
  25  2:43  Drone x2  
  25  2:44  Drone, Extractor  
  28  2:53  Drone  
  28  2:54  Overlord  
  28  2:56  Drone  
  30  3:03  Drone  
  31  3:08  Drone  
  31  3:12  Drone  
  33  3:16  Drone x3  
  36  3:25  Evolution Chamber  
  35  3:29  Drone  
  35  3:31  Drone  
  35  3:32  Drone  
  38  3:37  Roach Warren  
  37  3:42  Evolution Chamber  
  37  3:45  Metabolic Boost, Drone  
  37  3:50  Drone x2  
  37  3:51  Drone  
  41  3:55  Drone  
  41  3:58  Overlord  
  41  4:04  Drone, Zergling x2  
  42  4:10  Zergling x2  
  42  4:12  Overlord  
  43  4:17  Zergling x10  
  43  4:19  Zergling x2  
  43  4:24  Overlord  
  49  4:27  Drone  
  50  4:35  Zergling x2  
  51  4:39  Zergling x8  
  51  4:42  Zerg Ground Armor Level 1  
  55  4:50  Zergling x4  
  55  4:51  Zergling x4  
  59  4:58  Overlord  
  59  4:59  Zergling x2  
  60  5:02  Overlord  
  60  5:06  Zergling x2  
  60  5:07  Zergling x4  
  63  5:13  Overlord  
  63  5:18  Zergling x8  
  67  5:29  Drone x2  
  69  5:37  Hatchery  
  69  5:38  Roach x3  
  69  5:39  Roach  
  69  5:42  Roach  
  77  5:49  Overlord  
  76  5:50  Roach  
  77  6:01  Roach x2  
  75  6:05  Hatchery  
  75  6:08  Zergling x12  
  80  6:18  Zergling x4  
  82  6:28  Overlord  
  82  6:33  Zergling x2  
  82  6:34  Zergling x12  
  90  6:40  Roach, Extractor  
  89  6:49  Roach x3  
  95  6:56  Roach  
  95  7:01  Overlord  
  97  7:03  Overlord  
Show
View Real Time Build Order
Export as new Build Order

Reynor Zerg 

Build Orders: Hatch First 

Get SALT Encoding   

  12  0:00  Drone  
  13  0:12  Overlord  
  13  0:17  Drone  
  14  0:30  Drone x2  
  16  0:47  Hatchery  
  15  0:51  Drone  
  15  0:56  Drone  
  17  0:58  Drone  
  18  1:10  Extractor  
  17  1:14  Spawning Pool  
  17  1:17  Drone  
  17  1:21  Drone  
  18  1:28  Drone  
  19  1:38  Drone  
  20  2:01  Zergling x6  
  20  2:02  Queen  
  27  2:10  Zergling x2  
  27  2:14  Overlord  
  25  2:32  Overlord  
  25  2:43  Hatchery  
  24  3:02  Drone  
  24  3:03  Queen  
  27  3:12  Metabolic Boost  
  26  3:26  Drone  
  26  3:27  Hatchery  
  26  3:28  Drone  
  27  3:34  Overlord  
  27  3:37  Drone  
  28  3:42  Drone  
  28  3:44  Drone  
  30  3:53  Overlord  
  30  3:55  Drone  
  30  4:02  Drone  
  32  4:03  Queen  
  32  4:06  Drone  
  35  4:13  Zergling x2  
  35  4:15  Zergling x4  
  35  4:16  Zergling x2  
  39  4:17  Zergling x2  
  40  4:25  Zergling x2  
  40  4:26  Zergling x6  
  40  4:30  Overlord  
  44  4:36  Drone  
  45  4:40  Drone x2  
  45  4:44  Drone  
  50  4:46  Drone  
  50  4:47  Drone  
  50  4:48  Drone  
  50  4:50  Overlord  
  50  4:51  Drone  
  52  4:56  Drone  
  52  4:57  Drone x2  
  55  5:00  Drone  
  55  5:03  Drone  
  57  5:08  Drone  
  57  5:10  Evolution Chamber, Overlord  
  57  5:13  Zergling x2  
  57  5:15  Zergling x4  
  57  5:17  Zergling x2  
  57  5:18  Zergling x2  
  58  5:24  Zergling x8  
  58  5:26  Zergling x2  
  63  5:28  Zergling x2  
  63  5:30  Overlord  
  63  5:33  Zergling x2  
  63  5:34  Zergling x2  
  66  5:36  Zergling x2  
  66  5:39  Zergling x4  
  69  5:45  Zergling x4  
  69  5:50  Queen  
  69  5:51  Zergling x2  
  69  5:54  Zergling x4  
  69  5:55  Zergling x2  
  72  5:59  Overlord  
  70  6:06  Baneling Nest  
  70  6:07  Zergling x4  
  71  6:14  Zergling x2  
  72  6:19  Zergling x4, Hatchery  
  72  6:25  Zergling x2  
  74  6:28  Zergling x2  
  75  6:36  Zergling x2  
  75  6:38  Zergling x2  
  77  6:47  Zergling x2  
  77  6:50  Baneling x10  
  77  6:51  Zergling x2  
  79  6:55  Zergling x6  
  79  6:59  Zergling x2  
  79  7:00  Baneling x2  
  79  7:01  Zergling x8  

Tags
 
Add a new tag
Caveats
  • Supply blocks, unpowered buildings, or Contaminate may cause inaccurate times.
  • Supply counts are checked every 10 seconds.